 Seeded DCSS version 0.31-a0-1074-g0b22e4e0f1 (webtiles) character file.

Game seed: 9698261311993447001 (custom seed)

245 croobank the Poker (level 6, -2/50 HPs)
             Began as a Gnoll Reaver on Nov 26, 2023.
             Slain by a lemure (5 damage)
             ... led by Pikel
             ... on level 4 of the Dungeon.
             The game lasted 00:05:49 (2326 turns).

croobank the Poker (Gnoll Reaver)                   Turns: 2326, Time: 00:05:50

Health: -2/50      AC:  6    Str: 12    XL:     6   Next: 10%
Magic:  11/14      EV: 12    Int: 14    God:
Gold:   82         SH:  0    Dex: 10    Spells: 13/15 levels left

rFire   + . .        q - +8 lance "Wyrmbane" {slay drac, rPois rF+ rC+ AC+3}
rCold   + . .        (no shield)
rNeg    . . .        b - +0 leather armour
rPois   +            (helmet currently unavailable)
rElec   .            (cloak currently unavailable)
rCorr   .            (gloves currently unavailable)
SInv    .            (boots currently unavailable)
Will    .....        (no amulet)
Stlth   +            (no ring)
HPRegen 0.28/turn    (no ring)
MPRegen 0.14/turn

%: no passive effects
@: beast-form, very slightly contaminated
A: beast (slay +0), fangs 1, strong nose, distributed training
a: Begin Untransformation


You were on level 4 of the Dungeon.
You were a hulking beast.
You visited 1 branch of the dungeon, and saw 4 of its levels.

You collected 110 gold pieces.
You spent 28 gold pieces at shops.

Inventory:

Hand Weapons
 a - a +0 spear
 d - a +0 short sword of holy wrath
 l - a +0 dagger
 q - the +8 lance "Wyrmbane" (weapon) {slay drac, rPois rF+ rC+ AC+3}
   (You found it on level 3 of the Dungeon)

   AC+3:      It affects your AC (+3).
   rF+:       It protects you from fire.
   rC+:       It protects you from cold.
   rPois:     It protects you from poison
Missiles
 c - 6 javelins (quivered)
 k - 6 poisoned darts
Armour
 b - a +0 leather armour (worn)
 o - a +0 robe of fire resistance
 p - a +0 ring mail
Talismans
 m - a beast talisman (active)
Scrolls
 j - a scroll of summoning {unknown}
Potions
 e - a potion of enlightenment
 g - 2 potions of curing
 h - a potion of lignification
 i - a potion of magic {unknown}
 n - a potion of haste {unknown}


   Skills:
 + Level 4.9 Fighting
 + Level 1.8 Short Blades
 + Level 1.8 Long Blades
 + Level 1.8 Axes
 + Level 1.8 Maces & Flails
 + Level 6.8 Polearms
 + Level 1.8 Staves
 + Level 1.8 Ranged Weapons
 + Level 1.8 Throwing
 + Level 1.8 Armour
 + Level 4.9 Dodging
 + Level 1.8 Stealth
 + Level 1.8 Shields
 + Level 1.8 Unarmed Combat
 + Level 5.3 Spellcasting
 + Level 5.6 Conjurations
 + Level 1.4 Hexes
 + Level 1.4 Summonings
 + Level 1.4 Necromancy
 + Level 1.4 Translocations
 + Level 1.4 Transmutations
 + Level 1.4 Fire Magic
 + Level 1.4 Ice Magic
 + Level 1.4 Air Magic
 + Level 1.4 Earth Magic
 + Level 1.4 Poison Magic
 + Level 2.0 Invocations
 + Level 1.8 Evocations
 + Level 1.6 Shapeshifting


You had 13 spell levels left.
You knew the following spells:

 Your Spells              Type           Power      Damage    Failure   Level
a - Kiss of Death         Conj/Necr      52%        2d9       4%          1
b - Slow                  Hex            28%        N/A       12%         1

Your spell library contained the following spells:

 Spells                   Type           Power      Damage    Failure   Level
 Momentum Strike          Conj/Tloc      26%        3d8       8%          2
 Hailstorm                Conj/Ice       13%        3d5       16%         3
 Blink                    Tloc           14%        N/A       19%         2
 Lesser Beckoning         Tloc           14%        N/A       19%         2
 Confusing Touch          Hex            7%         N/A       34%         3
 Ozocubu's Armour         Ice            7%         N/A       34%         3
 Sigil of Binding         Hex            7%         N/A       34%         3
 Vampiric Draining        Necr           7%         2d6       34%         3
 Metabolic Englaciation   Hex/Ice        3%         N/A       97%         5
 Simulacrum               Ice/Necr       3%         N/A       100%        6


Dungeon Overview and Level Annotations

Branches:
Dungeon (4/15)
 Temple: D:4-7

Altars:
Zin

Shops:
D:2 ?

Annotations:
D:3 4 runed translucent doors, Crazy Yiuf; bmb222's ghost, amateur DsSh; wildpjah's ghost, amateur HOMo
D:4 Ijyb; Pikel


Innate Abilities, Weirdness & Mutations

You are a hulking beast.
Your limbs bulge with bestial killing power. (Slay +0)
You have very sharp teeth.
Your uncanny sense of smell can sniff out nearby items.
Your experience applies equally to all skills.


Message History

You puncture the kobold!
You kill the kobold!
Your magical contamination has completely faded away.
Casting: Slow (safe; 12% risk of failure)
Confirm with . or Enter, or press ? or * to list all spells.
Aiming: Slow (safe; 12% risk of failure)
Press: ? - help, Shift-Dir - straight line, f - Pikel
Aim: Pikel, wielding a +1 whip of flaming and wearing a +0 robe (chance to affect: 40%)
You miscast Slow.
You are very lightly contaminated with residual magic.
Nothing appears to happen.
The lemure hits you.
A lemure comes into view.
Ijyb the Twisted Goblin comes into view.
She is wielding a +0 dagger and carrying a wand of acid.
Ijyb shouts!
The lemure hits you. The lemure closely misses you.
You hit Pikel.
Pikel is lightly wounded.
Pikel hits you with a +1 whip of flaming.
Pikel burns you. The lemure misses you. The lemure closely misses you.
The lemure hits you.
You puncture Pikel!
Pikel is moderately wounded.
Pikel misses you. The lemure misses you. The lemure hits you!
The lemure misses you.
You puncture Pikel!
Pikel is heavily wounded.
Pikel hits you with a +1 whip of flaming.
The lemure hits you.
* * * LOW HITPOINT WARNING * * *
The lemure barely misses you. The lemure hits you.
* * * LOW HITPOINT WARNING * * *
The air fills with toxic fumes!
As you read the scroll labelled DODDOPT EPTE, it crumbles to dust.
It was a scroll of poison.
Pikel hits you with a +1 whip of flaming!
* * * LOW HITPOINT WARNING * * *
Pikel burns you.
* * * LOW HITPOINT WARNING * * *
The lemure hits you but does no damage. The lemure hits you.
You die...

#....####
#..§§§§§§§§§§§§§§§
#..§§§§§§§§§§§§§§§.
#..§§§§§§§§§§§§§§§.
#..§§§§§§§§§§§§§§§.
#..§§§§§§§g§§§§§§§.
#######..§§§§§§§5§§§§§§§.
.........§§§§§§§K5§§§§§§.
#######..§§§§§§§h5§§§§§§.
#..§§§§§§§§5§§§§§§.
#..§§§§§§§§§§§§§§§.
#..§§§§§§§§§§§§§§§.
#..§§§§§§§§§§§§§§§.
#..§§§§§§§§§§§§§§§.
#..§§§§§§§§§§§§§§§.
#..§§§§§§§§§§§§§§§.
#..................


You could see Pikel, 4 lemures and Ijyb.

Vanquished Creatures
  An ice beast (D:4)
  Jessica (D:2)
  Natasha (D:2)
  Terence (D:3)
  An adder (D:3)
  4 dart slugs
  5 orcs (D:3)
  5 ball pythons
  3 bats (D:1)
  4 endoplasms
  4 giant cockroaches
  2 goblins (D:2)
  7 hobgoblins
  A frilled lizard (D:1)
  11 kobolds
  4 rats (D:1)
55 creatures vanquished.

Notes
Turn   | Place    | Note
-------+----------+-------------------------------------------
     0 | D:1      | croobank the Gnoll Reaver began the quest for the Orb.
     0 | D:1      | Reached XP level 1. HP: 20/20 MP: 6/6
    40 | D:1      | Reached XP level 2. HP: 26/26 MP: 7/7
   248 | D:1      | Reached XP level 3. HP: 31/31 MP: 9/9
   263 | D:1      | Reached skill level 5 in Spellcasting
   542 | D:2      | Noticed Jessica
   558 | D:2      | Reached skill level 1 in Invocations
   559 | D:2      | Killed Jessica
   560 | D:2      | Reached skill level 1 in Short Blades
   560 | D:2      | Reached skill level 1 in Long Blades
   560 | D:2      | Reached skill level 1 in Axes
   560 | D:2      | Reached skill level 1 in Maces & Flails
   560 | D:2      | Reached skill level 1 in Staves
   560 | D:2      | Reached skill level 1 in Ranged Weapons
   560 | D:2      | Reached skill level 1 in Throwing
   560 | D:2      | Reached skill level 1 in Armour
   560 | D:2      | Reached skill level 1 in Stealth
   560 | D:2      | Reached skill level 1 in Shields
   560 | D:2      | Reached skill level 1 in Unarmed Combat
   560 | D:2      | Reached skill level 1 in Evocations
   560 | D:2      | Reached skill level 1 in Shapeshifting
   560 | D:2      | Reached XP level 4. HP: 28/38 MP: 11/11
   629 | D:2      | Found Xeveti's Magic Scroll Boutique.
   636 | D:2      | Bought a scroll of identify for 28 gold pieces
   832 | D:2      | Found a glowing silver altar of Zin.
  1038 | D:2      | Noticed Natasha
  1063 | D:2      | Killed Natasha
  1064 | D:2      | Reached skill level 1 in Hexes
  1064 | D:2      | Reached skill level 1 in Summonings
  1064 | D:2      | Reached skill level 1 in Necromancy
  1064 | D:2      | Reached skill level 1 in Translocations
  1064 | D:2      | Reached skill level 1 in Transmutations
  1064 | D:2      | Reached skill level 1 in Fire Magic
  1064 | D:2      | Reached skill level 1 in Ice Magic
  1064 | D:2      | Reached skill level 1 in Air Magic
  1064 | D:2      | Reached skill level 1 in Earth Magic
  1064 | D:2      | Reached skill level 1 in Poison Magic
  1393 | D:3      | Learned a level 1 spell: Slow
  1512 | D:3      | Reached XP level 5. HP: 43/43 MP: 12/12
  1684 | D:3      | Found a runed translucent gate.
  1685 | D:3      | Found a runed translucent gate.
  1685 | D:3      | Found a runed translucent gate.
  1686 | D:3      | Noticed bmb222's ghost (amateur DsSh)
  1686 | D:3      | Noticed wildpjah's ghost (amateur HOMo)
  1829 | D:3      | Found the +8 lance "Wyrmbane" {slay drac, rPois rF+ rC+
                  | AC+3}
  1939 | D:3      | Noticed Terence
  1947 | D:3      | Killed Terence
  2126 | D:3      | Found a runed translucent door.
  2127 | D:3      | Noticed Crazy Yiuf
  2263 | D:4      | Noticed an ice beast
  2277 | D:4      | Killed an ice beast
  2278 | D:4      | Reached XP level 6. HP: 29/50 MP: 10/13
  2317 | D:4      | Noticed Pikel
  2322 | D:4      | Noticed Ijyb
  2326 | D:4      | Slain by a lemure

Illustrated notes

Levels and vault maps discovered:
D:1:      eino_arrival_tree_alley, layout_rooms
D:2:      layout_loops_cross, serial_shops, shop, basic_altar, uniq_jessica,
          uniq_natasha
D:3:      layout_loops_ring, gammafunk_ghost_cemetery, uniq_terence,
          uniq_crazy_yiuf_cottage
D:4:      cheibrodos_old_hovel, layout_basic, minmay_misc_feat_enclosed,
          uniq_ijyb, uniq_duvessa, uniq_pikel

Skill      XL: |  1  2  3  4  5 |
---------------+----------------+-----
Spellcasting   | 5 |  5.3
Invocations    | 1 2 |  2.0
Short Blades   | 1 |  1.8
Long Blades    | 1 |  1.8
Axes           | 1 |  1.8
Maces & Flails | 1 |  1.8
Staves         | 1 |  1.8
Ranged Weapons | 1 |  1.8
Throwing       | 1 |  1.8
Armour         | 1 |  1.8
Stealth        | 1 |  1.8
Shields        | 1 |  1.8
Unarmed Combat | 1 |  1.8
Evocations     | 1 |  1.8
Shapeshifting  | 1 |  1.6
Hexes          | 1 |  1.4
Summonings     | 1 |  1.4
Necromancy     | 1 |  1.4
Translocations | 1 |  1.4
Transmutations | 1 |  1.4
Fire Magic     | 1 |  1.4
Ice Magic      | 1 |  1.4
Air Magic      | 1 |  1.4
Earth Magic    | 1 |  1.4
Poison Magic   | 1 |  1.4
Fighting       | |  4.9
Polearms       | |  6.8
Dodging        | |  4.9
Conjurations   | |  5.6

Action                     |  1- 3 |  4- 6 || total
---------------------------+-------+-------++-------
  Melee: Spear             |    82 |   100 ||   182
         Bite              |     4 |     7 ||    11
         Punch             |     1 |     3 ||     4
         Short sword       |     7 |       ||     7
         Lance             |       |    23 ||    23
  Throw: Javelin           |     5 |     2 ||     7
   Cast: Slow              |       |     6 ||     6
         Kiss of Death     |       |     1 ||     1
    Use: Scroll            |       |     4 ||     4
   Stab: Sleeping          |     1 |     2 ||     3
 Armour: Leather armour    |    24 |    42 ||    66
  Dodge: Dodged            |    36 |    53 ||    89
   Form: Beast             |       |     1 ||     1

Table legend: (Time is in decaauts)
 A = Elapsed time spent in this place.
 B = Non-inter-level travel time spent in this place.
 C = Inter-level travel time spent in this place.
 D = Time resting spent in this place.
 E = Time spent auto-exploring this place.
 F = Levels seen in this place.
 G = Mean time per level.
                   A        B        C        D        E       F      G
               +--------+--------+--------+--------+--------+-----+--------+
         Total |   2280 |   2125 |    155 |    187 |   1472 |   4 |  570.0 |
       Dungeon |   2280 |   2125 |    155 |    187 |   1472 |   4 |  570.0 |
               +--------+--------+--------+--------+--------+-----+--------+

Top non-repeatable levels by time:
     D:2: 934 daAuts
     D:3: 894 daAuts
     D:1: 378 daAuts
     D:4: 72 daAuts
